 Dungeon Crawl Stone Soup version 0.30-a0-178-g4db885d750 (webtiles) character file.

Game seed: 1609741798301348939

69160 Decritt the Warrior (level 15, -4/121 HPs)
             Began as a Djinni Conjurer on Oct 2, 2022.
             Was the Champion of Makhleb.
             Slain by a vampire knight
             ... wielding a +0 great sword
              (27 damage)
             ... while paralysed by a vampire knight
             ... on level 12 of the Dungeon on Oct 3, 2022.
             The game lasted 01:06:40 (19179 turns).

Decritt the Warrior (Djinni Conjurer)              Turns: 19179, Time: 01:06:41

Health: -4/121     AC: 12    Str:  6    XL:     15   Next: 73%
Gold:   1245       EV:  2    Int: 28    God:    Makhleb [******] SH:  0 Dex: 11

rFire   + + .      SeeInvis .    d - +6 mace (holy)
rCold   x . .      Faith    .    L - +4 kite shield
rNeg    . . .      Spirit   .    h - +4 troll leather armour
rPois   ∞          Reflect  .    (no helmet)
rElec   .          Harm     .    u - scarf {repulsion}
rCorr   .          Rampage  .    v - +2 pair of gloves
Will    +....                    (boots unavailable)
Stlth   ++........               Y - amulet of regeneration
HPRegen 2.00/turn                o - +4 ring of evasion
MPRegen 0.00/turn                P - +4 ring of evasion

@: paralysed, flying, studying Dodging, repel missiles
A: sickness immunity, fire resistance 2, cold vulnerability 1, float, innate
caster, HP casting, extra vitality 1
a: Renounce Religion, Minor Destruction, Lesser Servant of Makhleb, Major
Destruction, Greater Servant of Makhleb


You were on level 12 of the Dungeon.
You worshipped Makhleb.
Makhleb was exalted by your worship.
You visited 2 branches of the dungeon, and saw 17 of its levels.
You also visited: Ossuary.

You collected 1245 gold pieces.

Inventory:

Hand Weapons
 d - a +6 mace of holy wrath (weapon)
 w - a +2 spear of freezing
 Q - the +9 spear "Unka Las" {vamp, *Corrode rPois Dex+4}
   (You found it on level 3 of the Lair of Beasts)

   It occasionally heals its wielder for a portion of the damage dealt when it
   wounds a living foe.
   Dex:       It affects your dexterity (+4).
   rPois:     It protects you from poison.
   *Corrode:  It may corrode you when you take damage.
 V - the +7 falchion of Ugruwol {vorpal, rN+ Str+6}
   (You took it off a spriggan on level 5 of the Lair of Beasts)

   It inflicts extra damage upon your enemies.
   Str:       It affects your strength (+6).
   rN:        It protects you from negative energy.
Missiles
 I - 2 throwing nets
Armour
 a - a +1 robe
 h - a +4 troll leather armour (worn)
 i - a +0 tower shield
 u - a scarf of repulsion (worn)
 v - a +2 pair of gloves (worn)
 x - the +1 helmet of Nonu {rF++ rC-}
   (You found it on level 5 of the Dungeon)

   rF:        It greatly protects you from fire.
   rC:        It makes you vulnerable to cold.
 L - a +4 kite shield (worn)
Jewellery
 k - a ring of protection from fire
 o - a +4 ring of evasion (left hand)
 p - a +4 ring of protection
 q - a ring of fire
 D - a ring of fire
 M - an amulet of faith
 N - an amulet of reflection
 O - a ring of ice
 P - a +4 ring of evasion (right hand)
 U - an amulet of the acrobat
 W - a ring of resist corrosion
 X - a ring of ice
 Y - an amulet of regeneration (around neck)
Wands
 E - a wand of roots (22)
 J - a wand of charming (18)
 K - a wand of flame (14)
Scrolls
 b - a scroll of brand weapon
 e - 7 scrolls of poison
 f - 2 scrolls of silence
 g - 6 scrolls of teleportation
 n - 6 scrolls of noise
 r - 5 scrolls of identify
 y - 3 scrolls of fog
 B - 3 scrolls of blinking
 F - 2 scrolls of fear
 H - 4 scrolls of magic mapping
 R - a scroll of torment
 S - a scroll of summoning
Potions
 c - 2 potions of heal wounds
 j - 7 potions of ambrosia
 l - 5 potions of flight
 m - 2 potions of degeneration
 s - 2 potions of curing
 t - 6 potions of attraction
 z - 5 potions of brilliance
 A - a potion of haste
 C - 3 potions of might
 G - 2 potions of resistance
 T - 2 potions of lignification


   Skills:
 * Level 16.3 Fighting
 - Level 6.0 Armour
 + Level 10.3 Dodging
 - Level 2.2 Stealth
 + Level 8.7 Shields
 * Level 13.0 Spellcasting


You had one spell level left.
You knew the following spells:

 Your Spells              Type           Power      Damage    Failure   Level
a - Inner Flame           Hex/Fire       75%        N/A       1%          3
b - Searing Ray           Conj           100%       2d8       1%          2
c - Fulminant Prism       Conj/Hex       37%        3d18      1%          4
d - Dazzling Flash        Conj/Hex       100%       N/A       1%          3
e - Iskenderun's Mystic   Conj/Tloc      75%        2d15      1%          4
f - Kiss of Death         Conj/Necr      100%       2d13      1%          1
g - Wereblood             Tmut           75%        N/A       1%          2
h - Magic Dart            Conj           100%       1d8       1%          1
i - Ice Form              Ice/Tmut       75%        N/A       1%          4
j - Dispel Undead         Necr           75%        3d25      1%          4
k - Agony                 Necr           75%        N/A       1%          5
l - Summon Cactus Giant   Summ           37%        N/A       8%          6
Your spell library was empty.

Dungeon Overview and Level Annotations

Branches:
Dungeon (12/15)            Temple (0/1) D:4            Lair (5/5) D:8
 Shoals (0/4) Lair:3       Spider (0/4) Lair:2        Slime (0/5) Lair:5
    Orc (0/2) D:12        Ossuary (visited)

Altars:
Ashenzari
Dithmenos
Gozag
Makhleb
Qazlal
Uskayaw
Xom
The Shining One
Jiyva
Lugonu

Shops:
D:10 [

Portals:
Abyss: Lair:5

Annotations:
D:5 3 runed translucent doors, oneeeeegina's ghost, amateur DENe
D:9 3 runed translucent doors, nj0rd12's ghost, novice FeSu
D:11 1 runed translucent door, tensugalgo's ghost, journeyman NaCK
Lair:3 exclusion: ice statue


Innate Abilities, Weirdness & Mutations

You are immune to sickness and miasma.
You are immune to poison.
Your flesh is very heat resistant. (rF++)
You are vulnerable to cold. (rC-)
You float through the air rather than walking.
You learn spells naturally, not from books.
Your magical power is your life essence.
You have superior vitality. (+4 MHP)


Message History

The vampire knight completely misses you.
You block the vampire knight's attack.
You hit the vampire knight but do no damage.
The vampire knight is heavily damaged.
You are engulfed in blazing flames.
You resist.
The vampire knight is engulfed in a forest fire.
Flame seeps out of the vampire knight.
The vampire knight misses you. x2
The forest fire spreads!
You hit the vampire knight but do no damage.
The vampire knight is severely damaged.
You are engulfed in blazing flames.
You resist.
You block the vampire knight's attack. x2
The vampire knight is engulfed in a forest fire.
Flame seeps out of the vampire knight.
The vampire knight hits you with a +0 great sword!!!
* * * LOW HITPOINT WARNING * * *
The vampire knight misses you.
You hit the vampire knight but do no damage.
The vampire knight is almost destroyed.
You are engulfed in blazing flames.
You resist.
* * * LOW HITPOINT WARNING * * *
You block the vampire knight's attack. x2
You closely miss the vampire knight.
The vampire knight is almost destroyed.
You are engulfed in blazing flames.
You resist.
* * * LOW HITPOINT WARNING * * *
The vampire knight is engulfed in a forest fire.
Flame seeps out of the vampire knight.
The vampire knight points at you and mumbles some strange words.
You easily resist.
The vampire knight is engulfed in a forest fire.
Flame seeps out of the vampire knight.
The vampire knight points at you and mumbles some strange words.
You suddenly lose the ability to move!
You are engulfed in blazing flames.
You resist.
* * * LOW HITPOINT WARNING * * *
The vampire knight is engulfed in a forest fire.
Flame seeps out of the vampire knight.
The vampire knight hits you with a +0 great sword!!
You die...

.#)###.#..♣ ♣.♣.♣#♣.♣.♣#.#
.#.#.#)...♣ ♣.♣.♣♣♣♣.♣♣#.#
.#)#.'....♣ ♣.♣........#.#
.#.#.#....♣ ♣.♣♣♣♣♣♣.♣♣#.#
##)###.#♣.♣. .♣ #♣.♣.♣#.##
.#....♣#♣.♣.♣####. #.♣.♣.#...
.#..♣.♣ ♣.♣☼☼☼§°. #♣.♣.♣####
.#♣♣.♣♣ ♣.♣♣§§§V♣♣♣.♣ #.♣.♣.# .#
.♣♣ ♣..☼○§§§@...♣ #♣.♣.♣# ##♣♣
♣♣♣.§§§§♣♣♣♣♣ #.♣.♣.# ###♣ ♣##
#####§### ##♣.♣##### ##.♣ ♣.#
###..)..### ♣♣.♣♣#...
.#.♣♣♣.#♣♣#.........#♣♣#♣.♣.♣#.##
.#.♣.♣.#.......~.......#.♣♣♣.#.##
.#.♣.♣.#♣♣#.........#♣♣#♣.♣.♣#...
.#.....# ###.....### ♣♣.♣♣#.##
.###.#####################.###.##


You could see a vampire knight (inner flame).

Vanquished Creatures
  Fannar (D:11)
  6 hydras
  2 two-headed ogres (D:12)
  A centaur warrior (D:12)
  3 boulder beetles
  A catoblepas (Lair:3)
  Urug (Lair:5)
  2 thrashing horrors (Lair:5)
  Sonja (Lair:3)
  2 sun demons
  4 skeletal warriors (D:12)
  An orb spider (Lair:2)
  A deep elf pyromancer (D:12)
  5 ugly things
  2 oklob plants (Lair:5)
  4 manticores (D:12)
  3 cyclopes (D:12)
  Maurice (D:8)
  3 black mambas
  A black mamba (shapeshifter) (Lair:5)
  13 elephants
  A guardian serpent (shapeshifter) (Lair:5)
  A rust devil (D:11)
  10 cane toads
  An unseen horror (D:12)
  3 gargoyles
  2 smoke demons
  13 komodo dragons
  2 rime drakes
  A freezing wraith (Lair:3)
  A hellwing (D:11)
  An ice devil (D:11)
  An ancient zyme (Lair:5)
  4 trolls
  A queen bee (D:12)
  3 meliai (D:12)
  2 polar bears
  A merfolk (shapeshifter) (D:12)
  A meliai (shapeshifter) (Lair:5)
  2 hornets
  6 slime creatures (D:12)
  28 blink frogs
  Sigmund (D:3)
  A spriggan (Lair:5)
  A wraith (D:10)
  2 large abominations (Lair:5)
  4 vampires
  34 yaks
  4 ynoxinuls
  9 basilisks
  4 wyverns
  Grum (D:10)
  19 vampire mosquitoes
  A neqoxec (D:11)
  2 steam dragons
  A chaos spawn (Lair:5)
  Menkaure (Ossuary)
  3 acid dragons
  Duvessa (D:6)
  15 water moccasins
  7 orc warriors
  9 ice beasts
  6 black bears
  2 sky beasts
  10 wolves
  16 centaurs
  4 phantoms
  5 bullfrogs
  3 scorpions
  10 small abominations (Lair:5)
  2 gnoll sergeants
  2 necrophages
  14 wights
  Dowan (D:6)
  24 killer bees
  4 howler monkeys
  4 centaur zombies (Ossuary)
  5 quasits (D:11)
  2 orc priests
  2 jellies (D:5)
  2 hounds
  3 gnoll boudas
  4 iguanas
  8 orc wizards
  6 hell rats (Lair:4)
  Terence (D:3)
  An ogre zombie (Ossuary)
  6 mummies (Ossuary)
  19 gnolls
  6 adders
  A white imp (Lair:3)
  3 ufetubi
  5 adder zombies (Ossuary)
  2 worms
  A dart slug (D:1)
  33 orcs
  7 ball pythons
  4 endoplasms
  5 giant cockroaches
  4 goblins
  8 hobgoblins
  13 jackals
  10 kobolds
  3 quokkas
  6 bats
  2 frilled lizards
  2 gnoll zombies (Ossuary)
  A goblin zombie (Ossuary)
  5 hobgoblin zombies (Ossuary)
  2 kobold zombies (Ossuary)
  An orc zombie (Ossuary)
  6 quokka zombies (Ossuary)
  8 rats
  3 rat zombies (Ossuary)
  A fulminant prism (Lair:4)
571 creatures vanquished.

Vanquished Creatures (others)
  Nessos (Lair:3)
  A sky beast (D:8)
  2 demonic plants (D:11)
  14 fulminant prisms
  30 fungi
  59 plants
107 creatures vanquished.

Grand Total: 678 creatures vanquished

Notes
Turn   | Place    | Note
-------+----------+-------------------------------------------
     0 | D:1      | Decritt the Djinni Conjurer began the quest for the Orb.
     0 | D:1      | Decritt set off with the following spells memorised: Magic
                  | Dart, Searing Ray, Dazzling Flash, Fulminant Prism,
                  | Iskenderun's Mystic Blast.
     0 | D:1      | Reached XP level 1. HP: 15/15 MP: 0/0
    66 | D:1      | Reached XP level 2. HP: 16/21 MP: 0/0
   302 | D:1      | Reached XP level 3. HP: 24/25 MP: 0/0
   302 | D:1      | Learned a level 1 spell: Kiss of Death
   354 | D:1      | Found a faded altar of an unknown god.
   943 | D:2      | Reached skill level 1 in Fighting
   943 | D:2      | Reached XP level 4. HP: 20/32 MP: 0/0
  1471 | D:2      | Found a burning altar of Makhleb.
  1477 | D:2      | Became a worshipper of Makhleb the Destroyer
  1799 | D:3      | Reached skill level 2 in Fighting
  1824 | D:3      | Found a hide-covered altar of Uskayaw.
  1851 | D:3      | Noticed Sigmund
  2145 | D:3      | Noticed a necrophage
  2152 | D:3      | Killed a necrophage
  2153 | D:3      | Reached XP level 5. HP: 28/40 MP: 0/0
  2153 | D:3      | Learned a level 2 spell: Wereblood
  2288 | D:3      | Noticed Terence
  2294 | D:3      | Reached skill level 3 in Fighting
  2300 | D:3      | Killed Terence
  2534 | D:3      | Reached XP level 6. HP: 45/46 MP: 0/0
  2610 | D:3      | Killed Sigmund
  2611 | D:3      | Reached skill level 4 in Fighting
  2895 | D:4      | Reached XP level 7. HP: 39/53 MP: 0/0
  2895 | D:4      | Learned a level 3 spell: Inner Flame
  2899 | D:4      | Reached * piety under Makhleb
  3259 | D:4      | Found a burning altar of Makhleb.
  3346 | D:4      | Reached skill level 5 in Fighting
  3584 | D:4      | Found a staircase to the Ecumenical Temple.
  3731 | D:5      | Entered Level 5 of the Dungeon
  3973 | D:5      | Reached skill level 5 in Spellcasting
  4161 | D:5      | Identified the +1 helmet of Nonu {rF++ rC-}
  4178 | D:5      | Reached XP level 8. HP: 56/61 MP: 0/0
  4202 | D:5      | Found a runed translucent gate.
  4202 | D:5      | Found a runed translucent gate.
  4202 | D:5      | Found an opulent altar of Gozag.
  4202 | D:5      | Noticed a yak
  4203 | D:5      | Found a runed translucent gate.
  4204 | D:5      | Noticed oneeeeegina's ghost (amateur DENe)
  4447 | D:5      | Reached skill level 6 in Fighting
  5106 | D:6      | Noticed a troll
  5123 | D:6      | Killed a troll
  5124 | D:6      | Reached skill level 7 in Fighting
  5125 | D:6      | Noticed a vampire
  5309 | D:6      | Found a shadowy altar of Dithmenos.
  5313 | D:6      | Reached XP level 9. HP: 62/68 MP: 0/0
  5313 | D:6      | Learned a level 4 spell: Ice Form
  5351 | D:6      | Reached skill level 1 in Armour
  5458 | D:6      | Reached ** piety under Makhleb
  5479 | D:6      | Noticed Duvessa
  5479 | D:6      | Noticed Dowan
  5484 | D:6      | Killed Duvessa
  5495 | D:6      | Killed Dowan
  5496 | D:6      | Reached skill level 8 in Fighting
  6537 | D:7      | Reached XP level 10. HP: 76/77 MP: 0/0
  6628 | D:7      | Found a sand-covered staircase.
  6636 | D:7      | Reached skill level 9 in Fighting
  6643 | Ossuary  | Entered an ossuary
  6767 | Ossuary  | Noticed Menkaure
  6770 | Ossuary  | Killed Menkaure
  6770 | Ossuary  | Reached *** piety under Makhleb
  7529 | D:8      | Found a staircase to the Lair.
  7571 | D:8      | Reached skill level 10 in Fighting
  7669 | D:8      | Reached skill level 5 in Armour
  7762 | D:8      | Found a stormy altar of Qazlal.
  7844 | D:8      | Reached XP level 11. HP: 83/86 MP: 0/0
  7844 | D:8      | Learned a level 4 spell: Dispel Undead
  7955 | D:8      | Found a broken altar of Ashenzari.
  8003 | D:8      | Noticed Maurice
  8013 | D:8      | Reached **** piety under Makhleb
  8031 | D:8      | Killed Maurice
  8063 | D:8      | Reached skill level 11 in Fighting
  8524 | D:9      | Found a runed translucent gate.
  8524 | D:9      | Found a runed translucent gate.
  8524 | D:9      | Found a runed translucent gate.
  8528 | D:9      | Noticed nj0rd12's ghost (novice FeSu)
  8528 | D:9      | Noticed a manticore
  8529 | D:9      | Noticed a boulder beetle
  8712 | D:9      | Reached skill level 1 in Shields
  8969 | D:9      | Found a glowing golden altar of the Shining One.
  9393 | D:10     | Entered Level 10 of the Dungeon
  9439 | D:10     | Noticed Grum
  9453 | D:10     | Killed Grum
  9695 | D:10     | Found Omimaeja's Armour Emporium.
  9723 | D:10     | Noticed a boulder beetle
  9797 | Lair:1   | Entered Level 1 of the Lair of Beasts
  9981 | Lair:1   | Reached XP level 12. HP: 95/95 MP: 0/0
 10287 | Lair:1   | Reached skill level 12 in Fighting
 10291 | Lair:1   | Reached ***** piety under Makhleb
 10366 | Lair:1   | Reached skill level 5 in Dodging
 10702 | Lair:1   | Reached skill level 10 in Spellcasting
 11102 | Lair:2   | Noticed a five-headed hydra
 11113 | Lair:2   | Killed a five-headed hydra
 11187 | Lair:2   | Found a hole to the Spider Nest.
 11187 | Lair:2   | Noticed an orb spider
 11195 | Lair:2   | Killed an orb spider
 11879 | Lair:3   | Reached skill level 13 in Fighting
 11879 | Lair:3   | Reached XP level 13. HP: 35/103 MP: 0/0
 11879 | Lair:3   | Learned a level 5 spell: Agony
 11895 | Lair:3   | Noticed Sonja
 11902 | Lair:3   | Killed Sonja
 11988 | Lair:3   | Found a staircase to the Shoals.
 12113 | Lair:3   | Noticed Nessos
 12149 | Lair:3   | Noticed a catoblepas
 12158 | Lair:3   | Killed a catoblepas
 12159 | Lair:3   | Reached skill level 5 in Shields
 12215 | Lair:3   | Killed Nessos
 12332 | Lair:3   | Identified the +9 spear "Unka Las" {vamp, *Corrode rPois
                  | Dex+4}
 12809 | Lair:3   | Upgraded the game from 0.30-a0-176-gdd20fb75b6 to
                  | 0.30-a0-178-g4db885d750
 12853 | Lair:4   | Noticed a five-headed hydra
 12868 | Lair:4   | Killed a five-headed hydra
 13015 | Lair:4   | Reached skill level 14 in Fighting
 13240 | Lair:4   | Noticed a five-headed hydra
 13245 | Lair:4   | Killed a five-headed hydra
 13998 | Lair:5   | Entered Level 5 of the Lair of Beasts
 14138 | Lair:5   | Noticed an eight-headed hydra
 14220 | Lair:4   | Killed an eight-headed hydra
 14367 | Lair:4   | Reached XP level 14. HP: 44/112 MP: 0/0
 14681 | Lair:5   | Noticed Urug
 14691 | Lair:5   | Killed Urug
 15109 | Lair:5   | Reached ****** piety under Makhleb
 15209 | Lair:5   | Found a one-way gate to the infinite horrors of the Abyss.
 15213 | Lair:5   | Found a corrupted altar of Lugonu.
 15217 | Lair:5   | Identified the +7 falchion of Ugruwol {vorpal, rN+ Str+6}
 15368 | Lair:5   | Reached skill level 15 in Fighting
 15891 | Lair:5   | Found a viscous altar of Jiyva.
 15893 | Lair:5   | Found a staircase to the Slime Pits.
 16961 | D:11     | Noticed Fannar
 17062 | D:11     | Killed Fannar
 17319 | D:10     | Reached XP level 15. HP: 32/120 MP: 0/0
 17319 | D:10     | Learned a level 6 spell: Summon Cactus Giant
 17611 | D:11     | Noticed tensugalgo's ghost (journeyman NaCK)
 17612 | D:11     | Found a runed translucent door.
 17612 | D:11     | Found a shimmering altar of Xom.
 18012 | D:12     | Found a staircase to the Orcish Mines.
 18582 | D:12     | Reached skill level 16 in Fighting
 18662 | D:12     | Identified a scroll of acquirement
 18670 | D:12     | Acquired a manual of Dodging
 18712 | D:12     | Reached skill level 10 in Dodging
 19178 | D:12     | Paralysed by a vampire knight for 3 turns
 19179 | D:12     | Slain by a vampire knight

Illustrated notes

Levels and vault maps discovered:
D:1:      dpeg_arrival_tiny_a, layout_rooms, chequers_ecumenical_altar_grove
D:2:      minmay_recursive_quarters, layout_loops_corners, basic_altar,
          hangedman_glass_teeth
D:3:      layout_basic, nicolae_uskayaw_dance_hall, serial_corexii_hall,
          corexii_hall_statues_i, corexii_hall_statues_i, uniq_sigmund,
          uniq_terence
D:4:      layout_basic, lemuel_tele_altar, minmay_temple_entry_butterflies,
          minmay_cut_off
D:5:      layout_loops_cross, ebering_ghost_gozag
D:6:      layout_loops_ring, grunt_dithmenos_shadows, uniq_duvessa
D:7:      layout_loops_ring, nicolae_ossuary_entry_monument,
          kennysheep_nondescript
D:8:      layout_basic, nicolae_ashenzari_skybound, kennysheep_mini,
          minmay_lair_entry_grove, uniq_maurice
D:9:      layout_rooms, tso_metal_star, gammafunk_ghost_split,
          minmay_fractal_squares_5
D:10:     layout_irregular_city, serial_shops, nicolae_shop_trees, uniq_grum
D:11:     layout_cave_pools, serial_demonic, serial_demonic_d, serial_demonic_b,
          serial_demonic_d, serial_demonic_d, serial_demonic_e,
          serial_demonic_e, serial_demonic_f, ebering_ghost_xom, uniq_fannar
D:12:     nzn_winding_woodlands_large [nzn_winding_woodlands_5x5_open_star,
          nzn_winding_woodlands_5x15_cabin, nzn_winding_woodlands_5x5_three,
          nzn_winding_woodlands_center_lodge,
          nzn_winding_woodlands_15x15_boxy_spiral,
          nzn_winding_woodlands_center_garden, nzn_winding_woodlands_5x5_cross,
          nzn_winding_woodlands_5x15_split_checker,
          nzn_winding_woodlands_5x5_closed_star], layout_basic, orc_0_dummy,
          special_room [special_room_bee], corner_web_ring
Lair:1:   layout_cave_pods, grunt_megastairs_3
Lair:2:   layout_hall_layers, nicolae_spider_entry_orb_guardian,
          chequers_serial_rivers_micro_c, grunt_megastairs_5,
          serial_bayou_shore_b, lemuel_fruit_tree, lemuel_fruit_fields
Lair:3:   layout_chaotic_city, minmay_shoals_entry_centaurs, ice2_lemuel,
          serial_bayou_shore_b, uniq_sonja, uniq_nessos
Lair:4:   layout_layer_cave, serial_bayou_pond_d, pond
Lair:5:   hellmonk_lair_end_abyssal_woods, layout_gridlike,
          minmay_slime_entry_oklob_enclosed, uniq_urug

Skill      XL: |  1  2  3  4  5  6  7  8  9 10 11 12 13 14 15 |
---------------+----------------------------------------------+-----
Stealth        | 2 |  2.2
Dodging        | 3 4 6 7 9 10 | 10.3
Fighting       | 1 2 3 4 5 7 8 10 11 13 14 15 16 | 16.3
Spellcasting   | 4 5 6 7 8 9 10 11 12 13 | 13.0
Armour         | 3 5 6 |  6.0
Shields        | 2 4 6 7 8 |  8.7

Action                   |  1- 3 |  4- 6 |  7- 9 | 10-12 | 13-15 || total
-------------------------+-------+-------+-------+-------+-------++-------
Melee: Mace              |     1 |     5 |    21 |   153 |   253 ||   433
       Spear             |       |       |    36 |       |       ||    36
       Punch             |       |       |       |     1 |       ||     1
 Cast: Magic Dart        |    80 |    74 |    65 |   238 |   284 ||   741
       Searing Ray       |     1 |     9 |    20 |    38 |    94 ||   162
       Fulminant Prism   |       |     3 |     3 |       |     9 ||    15
       Inner Flame       |       |       |    41 |   125 |   216 ||   382
       Ice Form          |       |       |     1 |       |       ||     1
       Agony             |       |       |       |       |     6 ||     6
       Iskenderun's Myst |       |       |       |       |     6 ||     6
       Summon Cactus Gia |       |       |       |       |     2 ||     2
  Use: Scroll            |       |     8 |    13 |     9 |     8 ||    38
       Potion            |       |       |       |       |     2 ||     2
Armor: Robe              |     2 |     3 |    13 |       |       ||    18
       Troll leather arm |       |       |    26 |    78 |   194 ||   298
Dodge: Dodged            |     3 |    13 |    62 |   158 |   459 ||   695
       Repelled          |       |       |     1 |     2 |    11 ||    14
Block: Kite shield       |       |       |       |    49 |   528 ||   577
       Reflection        |       |       |       |     5 |    14 ||    19

Table legend: (Time is in decaauts)
 A = Elapsed time spent in this place.
 B = Non-inter-level travel time spent in this place.
 C = Inter-level travel time spent in this place.
 D = Time resting spent in this place.
 E = Time spent auto-exploring this place.
 F = Levels seen in this place.
 G = Mean time per level.
                   A        B        C        D        E       F      G
               +--------+--------+--------+--------+--------+-----+--------+
         Total |  19410 |  18765 |    645 |   3898 |  10819 |  18 | 1078.3 |
       Dungeon |  12215 |  11765 |    450 |   2388 |   7012 |  12 | 1017.9 |
          Lair |   6763 |   6568 |    195 |   1474 |   3583 |   5 | 1352.6 |
       Ossuary |    431 |    431 |      0 |     36 |    224 |   1 |  431.0 |
               +--------+--------+--------+--------+--------+-----+--------+

Top non-repeatable levels by time:
  Lair:5: 1890 daAuts
  Lair:4: 1691 daAuts
    D:12: 1428 daAuts
     D:2: 1371 daAuts
     D:5: 1288 daAuts
  Lair:3: 1266 daAuts
  Lair:1: 1141 daAuts
     D:6: 1132 daAuts
     D:8: 1083 daAuts
     D:4: 1078 daAuts
    D:10: 974 daAuts
     D:9: 952 daAuts
     D:3: 866 daAuts
  Lair:2: 773 daAuts
     D:7: 732 daAuts
